 Dungeon Crawl Stone Soup version 0.26.0-10-g1f06aea511 (webtiles) character file.

Game seed: 3154976313941602645

106 inc the Vexing (level 4, 0/18 HPs)
             Began as a Felid Enchanter on Jan 29, 2021.
             Was a Believer of Uskayaw.
             Slain by a centaur (10 damage)
             ... on level 5 of the Dungeon.
             The game lasted 00:08:02 (5633 turns).

inc the Vexing (Felid Enchanter)                    Turns: 5633, Time: 00:08:02

Health: 0/18       AC:  1    Str:  4    XL:     4   Next: 55%
Magic:  3/8        EV: 22    Int: 18    God:    Uskayaw [**....]
Gold:   171        SH:  0    Dex: 16    Spells: 1/7 levels left
                                        Lives:  0   Deaths: 1

rFire    . . .     SeeInvis +     - Unarmed
rCold    . . .     Faith    .   (shield unavailable)
rNeg     . . .     Spirit   .   (armour unavailable)
rPois    .         Reflect  .   (helmet unavailable)
rElec    .         Harm     .   (cloak unavailable)
rCorr    .         Rampage  .   (gloves unavailable)
Will     .....                  (boots unavailable)
Stlth    +++.......             o - amulet of regeneration
HPRegen  0.46/turn              d - ring of flight
MPRegen  0.11/turn              m - +4 ring of evasion

@: confusing touch, quick
A: very small, no armour, no weapons or thrown items, stealth, claws 1, fangs 3,
see invisible, speed 1, shaggy fur 1, sharp paws
a: Renounce Religion, Evoke Flight, Stomp, Line Pass


You were on level 5 of the Dungeon.
You worshipped Uskayaw.
Uskayaw was noncommittal.
You visited 2 branches of the dungeon, and saw 6 of its levels.

You collected 171 gold pieces.

Inventory:

Jewellery
 d - a ring of flight (left paw)
 m - a +4 ring of evasion (right paw)
 o - an amulet of regeneration (around neck)
Wands
 n - a wand of acid (9)
Scrolls
 b - 3 scrolls of amnesia {unknown}
 g - 5 scrolls of identify {unknown}
 i - 2 scrolls of teleportation {unknown}
 j - a scroll of immolation {unknown}
 k - a scroll of fog {unknown}
 l - a scroll of remove curse {unknown}
 p - a scroll of enchant weapon {unknown}
Potions
 a - 3 potions of haste {unknown}
 c - 3 potions of might {unknown}
 e - 3 potions of curing {unknown}
 f - a potion of berserk rage {unknown}
 h - a potion of magic {unknown}


   Skills:
 - Level 2.6 Dodging
 - Level 4.6 Stealth
 - Level 2.8 Unarmed Combat
 - Level 2.0 Spellcasting
 + Level 6.6 Hexes
 + Level 2.2 Ice Magic


You had one spell level left.
You knew the following spells:

 Your Spells              Type           Power        Failure   Level
a - Corona                Hex            27%          1%          1
b - Ensorcelled Hibernat  Hex/Ice        34%          4%          2
c - Confusing Touch       Hex            25%          3%          3

Your spell library contained the following spells:

 Spells                   Type           Power        Failure   Level
 Tukima's Dance           Hex            25%          3%          3
 Dazzling Flash           Conj/Hex       26%          14%         3


Dungeon Overview and Level Annotations

Branches:
Dungeon (5/15)             Temple (1/1) D:4

Altars:
Ashenzari
Cheibriados
Dithmenos
Elyvilon
Fedhas
Gozag
Hepliaklqana
Makhleb
Nemelex Xobeh
Okawaru
Qazlal
Ru
Sif Muna
Trog
Uskayaw
Vehumet
Wu Jian
Xom
Zin
The Shining One

Annotations:
D:4 Edmund


Innate Abilities, Weirdness & Mutations

You cannot wear armour.
You are incapable of wielding weapons or throwing items.
Your paws allow you to move quietly. (Stealth)
You have sharp claws.
You have razor-sharp teeth.
You have supernaturally acute eyesight. (SInv)
You cover ground quickly.
You are covered in fur. (AC +1)
Your sharp claws are effective at attacking unaware monsters.


Message History

The centaur is severely wounded.
The centaur unwields a +0 shortbow.
The centaur closely misses you.
You scratch the centaur.
The centaur is severely wounded.
The centaur barely misses you.
You can now pass through a line of other dancers.
Casting: Ensorcelled Hibernation (safe; 4% risk of failure)
Confirm with . or Enter, or press ? or * to list all spells.
The spell is quite dangerous to cast (3% risk of failure)!
Continue anyway? [Y]es or [N]o only, please.
The spell is quite dangerous to cast (3% risk of failure)!
Continue anyway? [Y]es or [N]o only, please.
The spell is quite dangerous to cast (3% risk of failure)!
Continue anyway?
Okay, then.
Casting: Confusing Touch (quite dangerous; 3% risk of failure)
Confirm with . or Enter, or press ? or * to list all spells.
The spell is quite dangerous to cast (3% risk of failure)!
Continue anyway?
Your paws begin to glow red.
The centaur hits you! x2
Ouch! That really hurt!
You die...

##########
........<#
########.#
#########
######@###.......#
#.......c.........#
#.#####...........#
###...($....#
#.........######
#..............<
#.........##....
#..##...........
#..# ..#####.#..


You could see a centaur.

Vanquished Creatures
  A hound (D:4)
  2 worker ants (D:4)
  4 adders
  A shadow imp (D:5)
  2 oozes
  3 adder skeletons (D:4)
  3 dart slugs
  3 leopard geckos
  2 bats (D:1)
  4 giant cockroaches
  7 goblins
  2 hobgoblins
  4 jackals (D:2)
  3 quokkas (D:3)
  9 kobolds
  6 rats
56 creatures vanquished.

Notes
Turn   | Place    | Note
-------+----------+-------------------------------------------
     0 | D:1      | inc the Felid Enchanter began the quest for the Orb.
     0 | D:1      | Reached XP level 1. HP: 7/7 MP: 4/4
   368 | D:1      | Reached XP level 2. HP: 3/11 MP: 6/6
   605 | D:1      | Learned a level 2 spell: Ensorcelled Hibernation
  1537 | D:2      | Reached skill level 1 in Ice Magic
  1537 | D:2      | Reached XP level 3. HP: 14/14 MP: 0/7
  1684 | D:2      | Reached skill level 5 in Hexes
  2604 | D:2      | Found a hazy altar of Hepliaklqana.
  2691 | D:3      | Reached XP level 4. HP: 12/18 MP: 1/8
  3120 | D:3      | Found a sparkling altar of Nemelex Xobeh.
  3121 | D:3      | Found a shimmering altar of Xom.
  3128 | D:3      | Found a sacrificial altar of Ru.
  3128 | D:3      | Found a shadowy altar of Dithmenos.
  3546 | D:4      | Found a staircase to the Ecumenical Temple.
  3554 | D:4      | Noticed Edmund
  3909 | Temple   | Entered the Ecumenical Temple
  4101 | Temple   | Became a worshipper of Uskayaw the Reveller
  4454 | D:4      | Reached * piety under Uskayaw
  4547 | D:4      | Reached ** piety under Uskayaw
  4548 | D:4      | Reached XP level 5. HP: 13/21 MP: 6/9
  4569 | D:4      | Learned a level 3 spell: Confusing Touch
  4662 | D:4      | Found a glowing golden altar of the Shining One.
  4694 | D:4      | Reached skill level 6 in Hexes
  5244 | D:5      | Entered Level 5 of the Dungeon
  5244 | D:5      | Noticed a centaur
  5246 | D:4      | Slain by Edmund
  5247 | D:4      | Reached XP level 4. HP: 0/18 MP: 8/8
  5298 | D:4      | Noticed an ice beast
  5633 | D:5      | Slain by a centaur

Illustrated notes

Levels and vault maps discovered:
D:1:      lemuel_arrival_tunnels, layout_loops_corners
D:2:      layout_basic, nzn_hepliaklqana_mist_gate
D:3:      layout_basic, grunt_temple_overflow_open
D:4:      layout_gridville, tso_oasis_becter, temple_fountains, uniq_edmund
D:5:      layout_loops_ring, basic_altar
Temple:   dpeg_chambers_temple

Skill      XL: |  1  2  3  4  5 |
---------------+----------------+-----
Unarmed Combat | 2 |  2.8
Ice Magic      | 1 2 |  2.2
Hexes          | 5 6 |  6.6
Dodging        | |  2.6
Stealth        | |  4.6
Spellcasting   | |  2.0

Action                   |  1- 3 |  4- 6 || total
-------------------------+-------+-------++-------
Melee: Unarmed           |    62 |    61 ||   123
       Bite              |     1 |     3 ||     4
 Cast: Ensorcelled Hiber |    34 |    39 ||    73
       Confusing Touch   |       |     1 ||     1
 Stab: Sleeping          |    30 |    20 ||    50
Armor: Skin              |     5 |     3 ||     8
Dodge: Dodged            |    61 |    58 ||   119
